 Dungeon Crawl Stone Soup version 0.29.1-13-g9f3cf754e1 (webtiles) character file.

Game seed: 7919283849037656426

17 Thatpatchoflichen the Chopper (level 2, -1/23 (25) HPs)
             Began as a Hill Orc Gladiator on Jan 28, 2023.
             Succumbed to Crazy Yiuf's poison
             ... on level 2 of the Dungeon.
             The game lasted 00:01:48 (1260 turns).

Thatpatchoflichen the Chopper (Hill Orc Gladiator)  Turns: 1260, Time: 00:01:49

HP:   -1/23 (25)    AC:  4    Str: 16    XL:     2   Next: 62%
MP:   2/2           EV: 12    Int:  8    God:
Gold: 40            SH:  0    Dex: 12    Spells: 1/1 levels left

rFire   . . .      SeeInvis .   a - +0 war axe
rCold   . . .      Faith    .   (no shield)
rNeg    . . .      Spirit   .   b - +0 leather armour
rPois   .          Reflect  .   c - +0 helmet
rElec   .          Harm     .   (no cloak)
rCorr   .          Rampage  .   (no gloves)
Will    .....                   (no boots)
Stlth   +.........              (no amulet)
HPRegen 0.07/turn               (no ring)
MPRegen 0.08/turn               (no ring)

@: lethally poisoned (-1 -> -12), drained
A: no striking features
a: no special abilities


You were on level 2 of the Dungeon.
You visited 1 branch of the dungeon, and saw 2 of its levels.

You collected 40 gold pieces.

Inventory:

Hand Weapons
 a - a +0 war axe (weapon)
Missiles
 d - 3 throwing nets (quivered)
 e - a javelin
Armour
 b - a +0 leather armour (worn)
 c - a +0 helmet (worn)
Scrolls
 g - 2 scrolls of enchant weapon {unknown}
 i - a scroll of enchant armour {unknown}
 k - a scroll of identify {unknown}
 l - a scroll of fear {unknown}
Potions
 f - a potion of flight {unknown}
 h - a potion of cancellation {unknown}
 m - a potion of attraction {unknown}


   Skills:
 + Level 2.8 Fighting
 + Level 4.3 Axes
 - Level 1.7 Throwing
 + Level 1.0 Armour
 + Level 2.6 Dodging


You had one spell level left.
You didn't know any spells.
Your spell library contained the following spells:

 Spells                   Type           Power      Damage    Failure   Level
 Foxfire                  Conj/Fire      0%         2x1d4     47%         1
 Conjure Flame            Conj/Fire      0%         6-21      85%         3
 Inner Flame              Hex/Fire       0%         N/A       85%         3
 Flame Wave               Conj/Fire      0%         2d4       99%         4


Dungeon Overview and Level Annotations

Branches:
Dungeon (2/15)

Altars:

Annotations:
D:2 Sigmund


Message History

The bat closely misses you. The orc hits you with a +0 short sword.
You slash the orc!
You kill the orc!
The bat hits you but does no damage.
Your Armour skill increases to level 1!
The bat hits you but does no damage. x2
You see here a +0 short sword.
The bat attacks as you move away! The bat hits you but does no damage.
The bat completely misses you. The bat hits you.
You see here a +0 short sword.
You slash the bat!
You kill the bat!
g - 2 scrolls labelled ODUON XIAVI (gained 1)
You open the door.
There is an open door here.
You see here a +0 hammer.
You see here a +0 hammer.
Found six hammers and a glowing hammer.
Found a runed translucent door.
You see here a +1 hammer of draining.
Found a hammer.
You see here a +0 hammer.
You see here a +0 hammer.
Found three hammers.
You see here a +1 hammer of holy wrath.
You open the door. You slash Crazy Yiuf!
Crazy Yiuf is severely wounded.
Crazy Yiuf hits you with a +2 quarterstaff of chaos!
You feel drained.
Crazy Yiuf hits you with a +2 quarterstaff of chaos!
* * * LOW HITPOINT WARNING * * *
You are lethally poisoned!
It was a potion of curing.
You feel better.
Crazy Yiuf hits you with a +2 quarterstaff of chaos!
* * * LOW HITPOINT WARNING * * *
You are lethally poisoned!
You slash Crazy Yiuf!
You kill Crazy Yiuf!
You die...

##'#######...
.............
..###.....### ..#
#.##### ..###.#.#
........##♣♣♣♣♣
......#...))♣)♣♣♣ ###
#######....))♣))♣#)))#
##..)...♣♣♣♣@))).# #
##....))♣♣ ♣♣#)))#
####....##♣♣ ###
...'....# #.##.<..#
##.##...####
##.##.....#
##.####...## #.###
##+##


There were no monsters in sight!

Vanquished Creatures
  Crazy Yiuf (D:2)
  An orc (D:2)
  An endoplasm (D:1)
  2 goblins (D:1)
  2 ball pythons (D:1)
  4 bats
  2 frilled lizards (D:1)
  3 kobolds (D:1)
  A rat (D:1)
17 creatures vanquished.

Vanquished Creatures (others)
  4 toadstools (D:1)
4 creatures vanquished.

Grand Total: 21 creatures vanquished

Notes
Turn   | Place    | Note
-------+----------+-------------------------------------------
     0 | D:1      | Thatpatchoflichen the Hill Orc Gladiator began the quest
                  | for the Orb.
     0 | D:1      | Reached XP level 1. HP: 18/18 MP: 1/1
   334 | D:2      | Noticed Sigmund
   509 | D:1      | Reached XP level 2. HP: 23/25 MP: 2/2
   803 | D:1      | Found a faded altar of an unknown god.
  1152 | D:2      | Reached skill level 1 in Armour
  1253 | D:2      | Found a runed translucent door.
  1254 | D:2      | Noticed Crazy Yiuf
  1260 | D:2      | Killed Crazy Yiuf
  1260 | D:2      | Succumbed to Crazy Yiuf's poison

Illustrated notes

Levels and vault maps discovered:
D:1:      ldierk_walled_garden_2, layout_rooms,
          chequers_ecumenical_altar_simple_redux, serial_forest,
          infiniplex_forest_clump_diagonal, infiniplex_forest_fountain,
          infiniplex_forest_clump_double, infiniplex_forest_clump_diagonal,
          infiniplex_forest_zigzag_1, infiniplex_forest_lined_ring
D:2:      layout_loops_corners, basic_altar, minmay_door_square,
          minmay_misc_feat_more_columns, uniq_sigmund, uniq_crazy_yiuf_cottage

Skill      XL: |  1  2 |
---------------+-------+-----
Armour         | 1 |  1.0
Fighting       | |  2.8
Axes           | |  4.3
Throwing       | |  1.7
Dodging        | |  2.6

Action                   || total
-------------------------++-------
Melee: War axe           ||    43
  Use: Potion            ||     1
Armor: Leather armour    ||    31
Dodge: Dodged            ||    57
